 Dungeon Crawl Stone Soup version 0.30-a0-250-g41c1d76940 (webtiles) character file.

Game seed: 11042596739016608350

258 brightshaft the Slasher (level 5, -1/42 HPs)
             Began as a Demigod Fighter on Oct 12, 2022.
             Slain by Eustachio
             ... wielding a +0 falchion
              (5 damage)
             ... on level 4 of the Dungeon.
             The game lasted 00:04:26 (2973 turns).

brightshaft the Slasher (Demigod Fighter)           Turns: 2973, Time: 00:04:27

Health: -1/42      AC:  6    Str: 17    XL:     5   Next: 62%
Magic:  7/7        EV:  8    Int: 10    God:
Gold:   134        SH:  5    Dex: 17    Spells: 4/4 levels left

rFire   . . .      SeeInvis .    a - +0 long sword
rCold   . . .      Faith    .    c - +0 buckler
rNeg    . . .      Spirit   .    b - +0 scale mail
rPois   .          Reflect  .    (no helmet)
rElec   .          Harm     .    (no cloak)
rCorr   .          Rampage  .    (no gloves)
Will    .....                    (no boots)
Stlth   ..........               (no amulet)
HPRegen 0.27/turn                (no ring)
MPRegen 0.10/turn                (no ring)

@: mighty
A: high MP 1, forlorn, divine attributes
a: no special abilities


You were on level 4 of the Dungeon.
You visited 1 branch of the dungeon, and saw 4 of its levels.

You collected 134 gold pieces.

Inventory:

Hand Weapons
 a - a +0 long sword (weapon)
 p - a +0 hand axe of flaming
Missiles
 l - 3 poisoned darts (quivered)
Armour
 b - a +0 scale mail (worn)
 c - a +0 buckler (worn)
 s - a +0 plate armour
Jewellery
 n - a ring of ice
 o - a ring of wizardry
Scrolls
 e - 3 scrolls of teleportation {unknown}
 f - 2 scrolls of enchant weapon {unknown}
 i - a scroll of torment {unknown}
 j - 2 scrolls of identify {unknown}
 k - a scroll of vulnerability {unknown}
 q - a scroll of poison {unknown}
Potions
 d - a potion of might
 g - a potion of lignification {unknown}
 h - 3 potions of haste {unknown}
 m - 2 potions of curing {unknown}
 r - a potion of attraction {unknown}


   Skills:
 - Level 2.6 Fighting
 * Level 5.7 Long Blades
 - Level 2.6 Armour
 - Level 2.6 Shields


You had 4 spell levels left.
You didn't know any spells.
Your spell library contained the following spells:

 Spells                   Type           Power      Damage    Failure   Level
 Sandblast                Erth           0%         2d4       86%         1
 Passwall                 Tmut/Erth      0%         N/A       95%         2
 Stone Arrow              Conj/Erth      0%         3d7       99%         3
 Blade Hands              Tmut           0%         N/A       100%        5
 Irradiate                Conj/Tmut      0%         3d11      100%        5
 Dragon Form              Tmut           0%         N/A       100%        7


Dungeon Overview and Level Annotations

Branches:
Dungeon (4/15)
 Temple: D:4-7

Shops:
D:1 (*[[[   D:2 :

Annotations:
D:4 Eustachio


Innate Abilities, Weirdness & Mutations

You have an increased reservoir of magic. (+10% MP)
You shall have no god before yourself.
Your divine heritage dramatically boosts your attributes as you level up.


Message History

Eustachio misses you.
You closely miss Eustachio.
Eustachio is moderately wounded.
Eustachio hits you with a +0 falchion.
You barely miss Eustachio.
Eustachio is moderately wounded.
Eustachio hits you with a +0 falchion.
Eustachio screams, "At last I'll have my revenge!"
Eustachio hits you with a +0 falchion!
You are too injured to fight recklessly!
You are too injured to fight recklessly!
You are too injured to fight recklessly!
You are too injured to fight recklessly!
You hit Eustachio but do no damage.
Eustachio is moderately wounded.
Eustachio hits you with a +0 falchion.
You hit Eustachio but do no damage.
Eustachio is moderately wounded.
Eustachio hits you with a +0 falchion!
* * * LOW HITPOINT WARNING * * *
You feel very mighty all of a sudden.
Eustachio growls, "To hell with you, honourless miscreant!"
Eustachio hits you with a +0 falchion.
* * * LOW HITPOINT WARNING * * *
You hit Eustachio.
Eustachio is heavily wounded.
Eustachio hits you with a +0 falchion.
* * * LOW HITPOINT WARNING * * *
You hit Eustachio but do no damage.
Eustachio is heavily wounded.
Eustachio hits you with a +0 falchion.
* * * LOW HITPOINT WARNING * * *
You closely miss Eustachio.
Eustachio is heavily wounded.
Eustachio hits you with a +0 falchion.
* * * LOW HITPOINT WARNING * * *
You closely miss Eustachio.
Eustachio is heavily wounded.
Eustachio hits you but does no damage. Eustachio hits you with a +0 falchion.
You die...

#....##.#.......#
####..#.##.#.#######
#.....#.##.#.#
#..####.##.#.#
#.....#....#.#
#...#.#)####.#
#####.#......#
#...####...8# #@###
#...## #.@.# ##..#
##### #..# ...8
...## ....#


You could see Eustachio.

Vanquished Creatures
  A necrophage (D:3)
  A hound (D:3)
  2 orc wizards (D:3)
  4 adders
  A worm (D:3)
  A dart slug (D:2)
  5 orcs (D:3)
  8 ball pythons
  4 endoplasms
  A giant cockroach (D:1)
  3 goblins
  8 hobgoblins
  5 quokkas
  8 bats
  6 frilled lizards
  10 kobolds
  9 rats
77 creatures vanquished.

Vanquished Creatures (others)
  A plant (D:1)
1 creature vanquished.

Grand Total: 78 creatures vanquished

Notes
Turn   | Place    | Note
-------+----------+-------------------------------------------
     0 | D:1      | brightshaft the Demigod Fighter began the quest for the
                  | Orb.
     0 | D:1      | Reached XP level 1. HP: 18/18 MP: 3/3
     2 | D:1      | Noticed a demonspawn
     2 | D:1      | Noticed a spriggan
     4 | D:1      | Noticed a merfolk
     4 | D:1      | Noticed a demigod
     6 | D:1      | Noticed an ogre
     6 | D:1      | Noticed a draconian
     8 | D:1      | Noticed a naga
     8 | D:1      | Noticed a vine stalker
    10 | D:1      | Noticed an armataur
    12 | D:1      | Noticed a human
    12 | D:1      | Noticed a felid
    14 | D:1      | Noticed a meteoran
    14 | D:1      | Noticed a formicid
    16 | D:1      | Noticed a tengu
    16 | D:1      | Noticed a ghoul
    18 | D:1      | Noticed a troll
    20 | D:1      | Noticed a minotaur
    20 | D:1      | Noticed an elf
    22 | D:1      | Noticed an octopode
    24 | D:1      | Noticed a draconian
    24 | D:1      | Noticed a vampire
    26 | D:1      | Noticed an ogre
    61 | D:1      | Found Salym Noagha's Armour Boutique.
   186 | D:1      | Reached skill level 2 in Long Blades
   191 | D:1      | Found Muxoeq's Antique Weapon Shop.
   226 | D:1      | Found Zoshel's Armour Shoppe.
   234 | D:1      | Found Jocob's Antique Armour Emporium.
   236 | D:1      | Found Syviaze's Assorted Antiques.
   432 | D:1      | Reached XP level 2. HP: 22/25 MP: 4/4
  1032 | D:1      | Reached skill level 3 in Long Blades
  1234 | D:2      | Found Sutt's Book Emporium.
  1319 | D:2      | Reached XP level 3. HP: 29/30 MP: 5/5
  1711 | D:2      | Reached skill level 4 in Long Blades
  1952 | D:3      | Reached XP level 4. HP: 26/37 MP: 6/6
  2258 | D:3      | Noticed a necrophage
  2265 | D:3      | Killed a necrophage
  2266 | D:3      | Reached skill level 5 in Long Blades
  2266 | D:3      | Reached XP level 5. HP: 32/42 MP: 7/7
  2961 | D:4      | Noticed Eustachio
  2973 | D:4      | Slain by Eustachio

Illustrated notes

Levels and vault maps discovered:
D:1:      kb_arrival_jail, layout_basic, serial_co_window_serial,
          co_window_corner_a, co_window_paths_b, co_window_paths_a,
          co_window_corner_a, co_window_of_opportunity_a, co_window_paths_a,
          co_window_corner_a, co_window_paths_c, co_window_corner_b,
          co_window_of_opportunity_b, co_window_cross_4, co_window_paths_c,
          co_window_corner_b, co_window_corner_cb, co_window_paths_e,
          co_window_paths_d, serial_shops, nicolae_shop_hallway_plus, shop,
          shop, nicolae_shop_crystal, nicolae_shop_competitors_out_of_business,
          serial_bayou_pond_d, st_stairs_6
D:2:      minmay_skewed_foursquare, layout_rooms, serial_shops,
          nicolae_shop_hallway_plus
D:3:      layout_loops_ring, nemelex_xobeh_ov_fountains_minmay,
          mainiacjoe_overflow_boulevard
D:4:      layout_basic, serial_corexii_hall, chequers_hall_statues_wall_a,
          corexii_hall_statues_i, minmay_between, uniq_eustachio

Skill      XL: |  1  2  3  4 |
---------------+-------------+-----
Long Blades    | 2 3 4 5 |  5.7
Fighting       | |  2.6
Armour         | |  2.6
Shields        | |  2.6

Action                   |  1- 3 |  4- 6 || total
-------------------------+-------+-------++-------
Melee: Long sword        |   145 |    90 ||   235
  Use: Potion            |       |     1 ||     1
Armor: Scale mail        |    73 |    43 ||   116
Dodge: Dodged            |    56 |    28 ||    84
Block: Buckler           |    37 |    11 ||    48

Table legend: (Time is in decaauts)
 A = Elapsed time spent in this place.
 B = Non-inter-level travel time spent in this place.
 C = Inter-level travel time spent in this place.
 D = Time resting spent in this place.
 E = Time spent auto-exploring this place.
 F = Levels seen in this place.
 G = Mean time per level.
                   A        B        C        D        E       F      G
               +--------+--------+--------+--------+--------+-----+--------+
         Total |   3031 |   2881 |    150 |      0 |   2342 |   4 |  757.8 |
       Dungeon |   3031 |   2881 |    150 |      0 |   2342 |   4 |  757.8 |
               +--------+--------+--------+--------+--------+-----+--------+

Top non-repeatable levels by time:
     D:1: 1229 daAuts
     D:3: 946 daAuts
     D:2: 756 daAuts
     D:4: 99 daAuts
